 Dungeon Crawl Stone Soup version 0.32-a0-350-g4f4d228785 (webtiles) character file.

Game seed: 2747302932480173631

135734 senseless the Warrior (level 16, -24/101 HPs)
             Began as a Felid Shapeshifter on Feb 17, 2024.
             Was a High Priest of Nemelex Xobeh.
             Blown up by an orb spider (46 damage)
             ... with an orb of destruction
             ... on level 4 of the Spider Nest.
             The game lasted 01:34:36 (30162 turns).

senseless the Warrior (Felid Shapeshifter)         Turns: 30162, Time: 01:34:36

Health: -24/101    AC: 24    Str: 10    XL:     16   Next: 65%
Magic:  0/26       EV: 44    Int: 13    God:    Nemelex Xobeh [*****.]
Gold:   875        SH:  0    Dex: 25    Spells: 13/15 levels left
                                        Lives:  0   Deaths: 6

rFire   . .          .
                       - Unarmed
rCold   . . .        (shield unavailable)
rNeg    + . .        (body armour unavailable)
rPois   ∞            (helmet unavailable)
rElec   +            (cloak unavailable)
rCorr   .            (gloves unavailable)
SInv    +            (boots unavailable)
Will    ++...        h - amulet of guardian spirit
Stlth   ++           w - +5 ring of evasion
HPRegen 0.36/turn    E - +5 ring of evasion
MPRegen 0.20/turn

%: guardian spirit
@: statue-form, very slow
A: slow and powerful, torment resistance 1, very small, claws 1, fangs 3, see
invisible, (shaggy fur 3), stealthy paws, no weapons or thrown items, no armour,
multi-lived
a: Begin Untransformation, Renounce Religion, Draw Escape, Draw Destruction,
Draw Summoning, Triple Draw, Deal Four, Stack Five


You were on level 4 of the Spider Nest.
You worshipped Nemelex Xobeh.
Nemelex Xobeh was extremely pleased with you.
You were a living statue of rough stone.
You visited 5 branches of the dungeon, and saw 24 of its levels.

You collected 2038 gold pieces.
You spent 1163 gold pieces at shops.

Inventory:

Jewellery
 h - an amulet of guardian spirit (around neck)
 m - an amulet of magic regeneration
 u - a ring of ice
 w - a +5 ring of evasion (left paw)
 y - a ring of poison resistance
 E - a +5 ring of evasion (right paw)
Talismans
 a - a beast talisman
 b - a flux talisman
 c - a blade talisman
 d - the serpent talisman of Spaghetti {Int+2}
   (You found it on level 1 of the Lair of Beasts)

   [serpent talisman]

   Int+2:     It affects your intelligence (+2).
 e - a dragon-blood talisman
 O - a granite talisman (active)
Wands
 i - a wand of digging (19)
 n - a wand of flame (24)
 B - a wand of charming (21)
 D - a wand of light (1)
 F - a wand of polymorph (3)
 J - a wand of iceblast (3)
 M - a wand of mindburst (1) (quivered)
Scrolls
 f - 4 scrolls of amnesia
 r - 2 scrolls of fear
 s - 9 scrolls of identify
 t - 10 scrolls of teleportation
 v - 2 scrolls of blinking
 x - 3 scrolls of revelation
 C - 4 scrolls of poison
 H - 3 scrolls of torment
 L - a scroll of fog
 Q - 2 scrolls of vulnerability
Potions
 g - 5 potions of brilliance
 j - a potion of mutation
 k - 2 potions of invisibility
 l - 16 potions of curing
 o - a potion of cancellation
 p - a potion of magic
 q - 2 potions of haste
 z - a potion of might
 A - 3 potions of enlightenment
 G - a potion of berserk rage
 I - a potion of attraction
 N - a potion of lignification
 P - 2 potions of heal wounds
Miscellaneous
 K - a condenser vane
 R - a phantom mirror


   Skills:
 * Level 16.2 Fighting
 + Level 15.3 Dodging
 + Level 11.8 Unarmed Combat
 + Level 13.1 Invocations
 * Level 14.1 Shapeshifting


You had 13 spell levels left.
You knew the following spells:

 Your Spells              Type           Power      Damage    Failure   Level
a - Magic Dart            Conj           0%         1d3       30%         1
b - Summon Small Mammal   Summ           0%         N/A       30%         1

Your spell library contained the following spells:

 Spells                   Type           Power      Damage    Failure   Level
 Apportation              Tloc           0%         N/A       30%         1
 Freeze                   Ice            0%         1d3       30%         1
 Necrotise                Necr           0%         1d4       30%         1
 Sting                    Conj/Alch      0%         1d3       30%         1
 Cigotuvi's Dreadful Rot  Necr/Alch/Air  0%         N/A       43%         2
 Jinxbite                 Hex            0%         N/A       43%         2
 Mercury Vapours          Alch/Air       0%         N/A       43%         2
 Call Canine Familiar     Summ           0%         N/A       67%         3
 Frozen Ramparts          Ice            0%         1d1       67%         3
 Hailstorm                Conj/Ice       0%         3d5       67%         3
 Sigil of Binding         Hex            0%         N/A       67%         3
 Summon Ice Beast         Ice/Summ       0%         N/A       67%         3
 Dispel Undead            Necr           0%         3d6       97%         4
 Manifold Assault         Tloc           0%         N/A       97%         4
 Martyr's Knell           Necr/Summ      0%         N/A       97%         4
 Olgreb's Toxic Radiance  Alch           0%         N/A       97%         4
 Passage of Golubria      Tloc           0%         N/A       97%         4
 Petrify                  Alch/Erth      0%         N/A       97%         4
 Alistair's Intoxication  Alch           0%         N/A       100%        5
 Borgnjor's Vile Clutch   Necr/Erth      0%         N/A       100%        5
 Irradiate                Conj/Alch      0%         3d11      100%        5
 Silence                  Hex/Air        0%         N/A       100%        5
 Summon Mana Viper        Hex/Summ       0%         N/A       100%        5
 Death Channel            Necr           0%         N/A       100%        6
 Dispersal                Tloc           0%         N/A       100%        6
 Eringya's Noxious Bog    Alch           0%         4d6       100%        6
 Sculpt Simulacrum        Ice/Alch       0%         N/A       100%        6
 Monstrous Menagerie      Summ           0%         N/A       100%        7
 Ozocubu's Refrigeration  Ice            0%         4d7       100%        7
 Disjunction              Tloc           0%         N/A       100%        8
 Lehudib's Crystal Spear  Conj/Erth      0%         10d2      100%        8
 Polar Vortex             Ice            0%         N/A       100%        9
 Sublimation of Blood     Necr           Unusable   N/A       N/A         2
 Dimensional Bullseye     Hex/Tloc       Unusable   N/A       N/A         4

Dungeon Overview and Level Annotations

Branches:
Dungeon (12/15)            Temple (1/1) D:7            Lair (5/5) D:10
 Shoals (0/4) Lair:3       Spider (4/4) Lair:3        Slime (0/5) Lair:5
    Orc (2/2) D:11            Elf (0/3) Orc:2

Altars:
Ashenzari
Cheibriados
Dithmenos
Elyvilon
Fedhas
Gozag
Hepliaklqana
Kikubaaqudgha
Makhleb
Nemelex Xobeh
Okawaru
Qazlal
Ru
Sif Muna
Trog
Uskayaw
Vehumet
Wu Jian
Xom
Yredelemnul
Zin
The Shining One
Beogh

Shops:
D:3 :   D:4 ?   Orc:2 ((!=


Innate Abilities, Weirdness & Mutations

You are a living statue of rough stone.
Your actions are slow, but your melee attacks are powerful.
You are resistant to unholy torment.
You are immune to poison.
You have sharp claws.
You have razor-sharp teeth.
You have supernaturally acute eyesight. (SInv)
((Your thick and shaggy fur keeps you warm. (AC +3, rC+)))
Your paws help you pounce on unaware monsters.
You are incapable of wielding weapons or throwing items.
You cannot wear armour.
You gain extra lives every three experience levels.


Message History

The orb spider weaves a glowing orb of energy.
The wavering orb of destruction weakly hits the orb spider!!
The orb spider begins to weave its threads into a brightly glowing ball.
The orb spider weaves a glowing orb of energy.
An orb of destruction comes into view.
The orb spider pulsates with a strange energy.
The jumping spider leaps!
The orb spider weaves a glowing orb of energy.
The jumping spider leaps!
An orb of destruction comes into view.
You completely miss the jumping spider.
The jumping spider is almost dead.
The orb of destruction hits you!!! The jumping spider closely misses you.
The jumping spider completely misses you.
You are too injured to fight recklessly!
You are too injured to fight recklessly!
The orb of destruction hits you!!
* * * LOW HITPOINT WARNING * * *
The jumping spider attacks as it pursues you!
The jumping spider completely misses you.
The jumping spider misses you.
The orb spider weaves a glowing orb of energy.
The jumping spider completely misses you. x2
An orb of destruction comes into view.
The orb spider spins a strand of pure energy.
The jumping spider completely misses you. x2
The jumping spider attacks as it pursues you!
The jumping spider completely misses you. x4
The orb spider pulsates with a strange energy.
The jumping spider completely misses you. x2
You are caught in the web!
The jumping spider disappears in a puff of smoke!
The orb spider pulsates with a strange energy.
There is a web here.
You disentangle yourself.
The orb spider weaves a glowing orb of energy.
An orb of destruction comes into view.
Unknown command.
The orb of destruction hits you!!!
You die...

##.....†○..............
#$...................(.
#......^.......?.......
##.^............^......
#.#..^...#.......^....
#..s.....^............
##.....s.....^........
##^.<.☼.#..^.#.
#..^I○○☼°......
##...#*...°○....
#......#....○...
##..s.......°...
##............
#.............
#..^..........
#)......^.°...
##..#....#....


You could see 3 orb spiders.

Vanquished Creatures
  Arachne (Spider:2)
  An emperor scorpion (Spider:3)
  A ghost moth (Spider:2)
  The ghost of Usyupp the Myrmidon, a journeyman FoFi of Okawaru (Lair:5)
  6 broodmothers
  The ghost of Sirira the Fighter, a journeyman MiMo of Uskayaw (Lair:5)
  A spark wasp (Spider:2)
  Josephine (Lair:3)
  Harold (D:10)
  2 entropy weavers
  The ghost of Yrofucoc the Thaumaturge, a journeyman OpFE of Cheibriados (Lair:1)
  3 jorogumos
  2 catoblepae
  5 hydras
  2 ogre magi (Orc:2)
  A radroach (Spider:3)
  2 boulder beetles
  6 two-headed ogres
  A deep troll shaman (Lair:5)
  2 demonic crawlers
  20 death yaks
  Nergalle (Orc:2)
  8 pharaoh ants
  2 skysharks
  4 orb spiders
  A sun moth (Spider:3)
  6 steelbarb worms
  Pikel (D:4)
  14 wolf spiders
  7 orc sorcerers (Orc:2)
  An ugly thing (D:12)
  2 manticores
  3 cyclopes (D:12)
  Maurice (D:7)
  27 elephants
  3 kobold blastminers
  4 torpor snails
  8 black mambas
  A gargoyle (D:11)
  Maggie (D:8)
  2 kobold demonologists (D:12)
  16 cane toads
  3 komodo dragons
  3 unseen horrors
  5 rime drakes
  Jeremiah (D:7)
  Psyche (D:8)
  10 trolls
  10 hornets
  4 polar bears
  14 blink frogs
  16 tarantellas
  15 jumping spiders
  19 culicivoras
  Sigmund (D:3)
  2 slime creatures (D:12)
  A shadow (D:12)
  63 yaks
  9 wyverns
  A human (Spider:2)
  5 wraiths (Lair:3)
  41 redbacks
  2 wargs
  5 basilisks (Lair:5)
  Eustachio (D:4)
  3 steam dragons
  A vampire mosquito (D:12)
  Menkaure (D:4)
  2 hell hounds (Lair:5)
  2 acid dragons (D:12)
  9 water moccasins
  Duvessa (D:8)
  4 ice beasts
  2 black bears (Lair:5)
  16 orc warriors
  13 ogres
  3 centaurs
  16 wolves
  3 lemures (D:4)
  3 kobold brigands
  A phantom (D:7)
  12 bullfrogs
  A gnoll sergeant (D:8)
  6 scorpions
  5 wights (D:7)
  Dowan (D:7)
  20 killer bees
  An electric eel (Lair:4)
  7 howler monkeys
  2 bombardier beetles
  13 orc priests
  3 hounds
  A jelly (D:7)
  3 sleepcaps
  A gnoll bouda (D:6)
  2 iguanas
  Ijyb (D:4)
  Natasha (thrice) (D:3)
  32 orc wizards
  8 hell rats (Lair:5)
  11 gnolls
  2 adders
  A shadow imp (D:5)
  2 white imps
  A dart slug (D:4)
  2 ribbon worms
  70 orcs
  2 bats
  7 endoplasms
  2 giant cockroaches
  7 goblins
  8 hobgoblins
  2 quokkas
  10 ball pythons
  2 frilled lizards
  21 kobolds
  2 rats
760 creatures vanquished.

Vanquished Creatures (collateral kills)
  The ghost of Sudyph the Mimic, a journeyman OpSh of the Shining One (Lair:1)
  The ghost of Weusopre the Destroyer, a novice DrCj of Vehumet (Lair:1)
  The ghost of Weusopre the Destroyer, a novice DrCj of Vehumet (Lair:1)
  4 elephants (Lair:2)
  A black mamba (Lair:2)
  The ghost of Wankojul the Covert, a novice SpDe (Lair:5)
  The ghost of Wankojul the Covert, a novice SpDe (Lair:5)
  4 blink frogs (Lair:5)
  A basilisk (Lair:5)
  2 hell rats (Lair:5)
17 creatures vanquished.

Vanquished Creatures (others)
  A culicivora (Spider:4)
  An orc wizard (Orc:2)
2 creatures vanquished.

Grand Total: 779 creatures vanquished

Notes
Turn   | Place    | Note
-------+----------+-------------------------------------------
     0 | D:1      | senseless the Felid Shapeshifter began the quest for the
                  | Orb.
     0 | D:1      | Reached XP level 1. HP: 10/10 MP: 2/2
   132 | D:1      | Reached XP level 2. HP: 14/14 MP: 1/3
   901 | D:2      | Reached XP level 3. HP: 18/18 MP: 4/4
  1010 | D:2      | Reached skill level 2 in Fighting
  1398 | D:2      | Reached XP level 4. HP: 8/23 MP: 1/5
  1398 | D:2      | Gained a life (2 lives remaining)
  1695 | D:2      | Found a faded altar of an unknown god.
  1768 | D:3      | Got Elementary Willworking
  1771 | D:3      | Learned a level 1 spell: Magic Dart
  1773 | D:3      | Learned a level 1 spell: Summon Small Mammal
  1835 | D:3      | Noticed Sigmund
  1848 | D:3      | Killed Sigmund
  1849 | D:3      | Reached skill level 3 in Fighting
  1849 | D:3      | Reached XP level 5. HP: 11/28 MP: 2/6
  2005 | D:3      | Found Reteani's Book Shop.
  2005 | D:3      | Noticed Natasha
  2014 | D:3      | Killed Natasha
  2015 | D:3      | Gained mutation: You are covered in thick fur. (AC +2)
                  | [Felid growth]
  2015 | D:3      | Reached XP level 6. HP: 24/32 MP: 3/7
  2290 | D:3      | You fall into a shaft and drop 1 floor!
  2315 | D:4      | Noticed Menkaure
  2324 | D:4      | Killed Menkaure
  2325 | D:4      | Reached skill level 4 in Fighting
  2461 | D:3      | Noticed Natasha
  2469 | D:3      | Killed Natasha
  2470 | D:3      | Reached XP level 7. HP: 37/37 MP: 8/8
  2722 | D:3      | Noticed Natasha
  2732 | D:3      | Killed Natasha
  2920 | D:4      | Reached skill level 5 in Dodging
  3001 | D:4      | Noticed Ijyb
  3016 | D:4      | Killed Ijyb
  3244 | D:4      | Found Polikem's Magic Scroll Shoppe.
  3252 | D:4      | Bought a scroll of identify for 22 gold pieces
  3252 | D:4      | Bought a scroll of teleportation for 33 gold pieces
  3252 | D:4      | Bought a scroll of identify for 22 gold pieces
  3252 | D:4      | Bought a scroll of identify for 22 gold pieces
  3252 | D:4      | Bought a scroll of identify for 22 gold pieces
  3307 | D:4      | Noticed Eustachio
  3333 | D:4      | Reached skill level 5 in Fighting
  3333 | D:4      | Reached skill level 5 in Shapeshifting
  3342 | D:4      | Killed Eustachio
  3343 | D:4      | Reached XP level 8. HP: 43/43 MP: 9/9
  3435 | D:4      | Noticed Pikel
  3795 | D:4      | Slain by Pikel
  3795 | D:4      | Lost a life (1 life remaining)
  3847 | D:4      | Found a sacrificial altar of Ru.
  3848 | D:4      | Found a radiant altar of Vehumet.
  4052 | D:4      | Killed Pikel
  4053 | D:4      | Reached skill level 6 in Fighting
  4053 | D:4      | Reached skill level 5 in Unarmed Combat
  4095 | D:5      | Entered Level 5 of the Dungeon
  4112 | D:5      | Identified the +3 short sword of Foul Odours {freeze, rC+
                  | rCorr}
  4281 | D:4      | Bought a scroll of identify for 22 gold pieces
  4514 | D:5      | Reached XP level 9. HP: 21/49 MP: 4/10
  4514 | D:5      | Gained a life (2 lives remaining)
  4941 | D:5      | Reached skill level 7 in Fighting
  5332 | D:6      | Identified the +0 pair of gloves "Lirebof" {*Corrode +Inv
                  | Will+}
  5800 | D:7      | Noticed Duvessa
  5800 | D:7      | Noticed Dowan
  5800 | D:7      | Noticed a two-headed ogre
  5802 | D:7      | Killed Dowan
  5802 | D:7      | Noticed Jeremiah
  5811 | D:6      | Killed a two-headed ogre
  5812 | D:6      | Reached skill level 8 in Fighting
  5985 | D:7      | Found a staircase to the Ecumenical Temple.
  5999 | D:7      | Noticed Maggie
  6130 | D:8      | Noticed Psyche
  6139 | D:8      | Killed Psyche
  6140 | D:8      | Reached XP level 10. HP: 52/57 MP: 9/11
  6194 | D:8      | Identified the +1 rapier of Uskayaw's Reproof {freeze,
                  | rPois rC+ rCorr}
  7001 | D:9      | Noticed a two-headed ogre
  7012 | D:9      | Killed a two-headed ogre
  7013 | D:9      | Reached skill level 9 in Fighting
  7746 | D:8      | Killed Maggie
  8051 | D:7      | Noticed Maurice
  8080 | D:8      | Killed Duvessa
  8263 | D:7      | Killed Jeremiah
  8393 | D:7      | Maurice stole a serpent talisman
  8403 | D:7      | Maurice stole a ring of ice
  8407 | D:7      | Killed Maurice
  8788 | Temple   | Entered the Ecumenical Temple
  8799 | Temple   | Became a worshipper of Nemelex Xobeh the Trickster
  9166 | D:9      | Found a shimmering altar of Xom.
  9166 | D:9      | Found a hazy altar of Hepliaklqana.
  9174 | D:9      | Found a hide-covered altar of Uskayaw.
  9176 | D:9      | Found a white marble altar of Elyvilon.
  9178 | D:9      | Found a broken altar of Ashenzari.
  9298 | D:9      | Found a glowing golden altar of the Shining One.
  9461 | D:10     | Entered Level 10 of the Dungeon
  9563 | D:9      | Reached skill level 10 in Fighting
  9563 | D:9      | Reached XP level 11. HP: 54/63 MP: 10/12
  9623 | D:10     | Found a staircase to the Lair.
  9685 | D:10     | Reached skill level 1 in Invocations
  9712 | D:10     | Noticed Harold
  9731 | D:10     | Killed Harold
 10213 | D:10     | Reached * piety under Nemelex Xobeh
 10317 | D:10     | Found a shadowy altar of Dithmenos.
 10769 | D:11     | Noticed a two-headed ogre
 10792 | D:11     | Killed a two-headed ogre
 10916 | D:11     | Noticed a two-headed ogre
 10931 | D:11     | Killed a two-headed ogre
 10932 | D:11     | Reached skill level 10 in Dodging
 11011 | D:11     | Found a staircase to the Orcish Mines.
 11061 | D:11     | Received a gift from Nemelex Xobeh
 11955 | D:12     | Noticed a two-headed ogre
 11961 | D:12     | Killed a two-headed ogre
 12116 | D:12     | Noticed a boulder beetle
 12134 | D:12     | Reached skill level 11 in Fighting
 12177 | D:12     | Received a gift from Nemelex Xobeh
 12186 | D:12     | Gained mutation: Your thick and shaggy fur keeps you warm.
                  | (AC +3, rC+) [Felid growth]
 12186 | D:12     | Reached XP level 12. HP: 13/70 MP: 2/16
 12455 | D:12     | Reached skill level 5 in Invocations
 12655 | D:12     | Mangled by a large slime creature
 12655 | D:12     | Lost a life (1 life remaining)
 12658 | D:12     | Noticed a two-headed ogre
 12670 | D:12     | Killed a two-headed ogre
 12671 | D:12     | Reached skill level 10 in Shapeshifting
 13064 | Lair:1   | Entered Level 1 of the Lair of Beasts
 13119 | Lair:1   | Received a gift from Nemelex Xobeh
 13193 | Lair:1   | Reached ** piety under Nemelex Xobeh
 13632 | Lair:1   | Reached skill level 12 in Fighting
 14365 | Lair:1   | Found a runed translucent gate.
 14365 | Lair:1   | Found a runed translucent gate.
 14366 | Lair:1   | Found a runed translucent gate.
 14366 | Lair:1   | Noticed Weusopre's ghost (novice DrCj)
 14366 | Lair:1   | Noticed Yrofucoc's ghost (journeyman OpFE)
 14367 | Lair:1   | Noticed Weusopre's ghost (novice DrCj)
 14367 | Lair:1   | Noticed Sudyph's ghost (journeyman OpSh)
 14713 | Lair:2   | Reached XP level 13. HP: 34/75 MP: 12/19
 14713 | Lair:2   | Gained a life (2 lives remaining)
 15073 | Lair:2   | Received a gift from Nemelex Xobeh
 15882 | Lair:2   | Received a gift from Nemelex Xobeh
 16040 | Lair:1   | Killed Yrofucoc's ghost
 16045 | Lair:1   | Killed Weusopre's ghost
 16046 | Lair:1   | Killed Sudyph's ghost
 16052 | Lair:1   | Killed Weusopre's ghost
 16055 | Lair:1   | Identified the serpent talisman of Spaghetti {Int+2}
 16539 | Lair:3   | Found a staircase to the Shoals.
 16688 | Lair:3   | Reached skill level 13 in Fighting
 16724 | Lair:3   | Reached *** piety under Nemelex Xobeh
 16879 | Lair:3   | Found a hole to the Spider Nest.
 17555 | Lair:4   | Noticed Josephine
 17575 | Lair:3   | Killed Josephine
 18217 | Lair:4   | Received a gift from Nemelex Xobeh
 18249 | Lair:4   | You fall into a shaft and drop 1 floor!
 18249 | Lair:5   | Entered Level 5 of the Lair of Beasts
 18309 | Lair:4   | Reached XP level 14. HP: 70/82 MP: 16/21
 18771 | Lair:4   | Reached skill level 10 in Unarmed Combat
 19576 | Lair:5   | Paralysed by a hornet for 1 turns
 19577 | Lair:5   | HP: 2/99 [hornet (8)]
 19578 | Lair:5   | Succumbed to a hornet's poison
 19578 | Lair:5   | Lost a life (1 life remaining)
 19582 | Lair:5   | Found a runed translucent gate.
 19630 | Lair:5   | Reached **** piety under Nemelex Xobeh
 19677 | Lair:5   | Reached skill level 10 in Invocations
 19711 | Lair:5   | Found a runed translucent gate.
 19711 | Lair:5   | Found a runed translucent gate.
 19712 | Lair:5   | Noticed Wankojul's ghost (novice SpDe)
 19712 | Lair:5   | Noticed Wankojul's ghost (novice SpDe)
 19712 | Lair:5   | Noticed Sirira's ghost (journeyman MiMo)
 19713 | Lair:5   | Noticed Usyupp's ghost (journeyman FoFi)
 19728 | Lair:5   | Reached skill level 14 in Fighting
 20415 | Lair:5   | Received a gift from Nemelex Xobeh
 21015 | Lair:5   | Found a staircase to the Slime Pits.
 21120 | Spider:1 | Entered Level 1 of the Spider Nest
 21456 | Spider:1 | Noticed a broodmother
 21475 | Spider:1 | Killed a broodmother
 21582 | Spider:1 | Noticed Nikola
 21616 | Spider:1 | Mangled by Nikola
 21616 | Spider:1 | Lost a life (0 lives remaining)
 21932 | Orc:1    | Entered Level 1 of the Orcish Mines
 22141 | Orc:1    | Reached XP level 15. HP: 75/88 MP: 20/24
 22141 | Orc:1    | Gained a life (1 life remaining)
 22497 | Orc:2    | Entered Level 2 of the Orcish Mines
 22673 | Orc:2    | Received a gift from Nemelex Xobeh
 22703 | Orc:2    | Found a staircase to the Elven Halls.
 22854 | Orc:2    | Found Ydwuvo Qyte's Distillery.
 22923 | Orc:2    | Found Cutefor's Jewellery Shop.
 22948 | Orc:2    | Found a radiant altar of Vehumet.
 22988 | Orc:2    | Found Denlih's Antique Weapon Boutique.
 22994 | Orc:2    | Found a roughly hewn altar of Beogh.
 22995 | Orc:2    | Noticed Nergalle
 23012 | Orc:2    | Killed Nergalle
 23247 | Orc:2    | Found an ancient bone altar of Kikubaaqudgha.
 23288 | Orc:2    | Bought a granite talisman for 1020 gold pieces
 23535 | Orc:2    | Found Huolexud's Antique Weapon Shop.
 24978 | Lair:5   | HP: 2/92 [blink frog (11)]
 25261 | Lair:5   | Identified the +1 pair of boots "Venaun" {Will+}
 25322 | Lair:5   | Reached skill level 15 in Fighting
 25601 | Lair:5   | Identified the +5 flail of the Final Decision {speed, Will+
                  | Int+2}
 25771 | Lair:5   | Killed Wankojul's ghost
 25777 | Lair:5   | Killed Sirira's ghost
 25777 | Lair:5   | Killed Wankojul's ghost
 25786 | Lair:5   | Killed Usyupp's ghost
 26023 | Lair:5   | Identified the +11 broad axe of the Eight Quests
                  | {antimagic, rPois Str+2 SInv}
 26142 | Spider:1 | Nikola changed into Nikola the broodmother
 26142 | Spider:1 | Noticed Nikola
 26146 | Spider:1 | Killed Nikola the broodmother
 26620 | Spider:1 | HP: 3/86 [demonic crawler (6)]
 26995 | Spider:2 | Reached XP level 16. HP: 92/95 MP: 26/26
 26995 | Spider:2 | Gained a life (2 lives remaining)
 27392 | Spider:2 | Noticed Arachne
 27408 | Spider:2 | Killed Arachne
 27970 | Spider:2 | Received a gift from Nemelex Xobeh
 28160 | Spider:3 | Reached ***** piety under Nemelex Xobeh
 28754 | Spider:3 | Reached skill level 15 in Dodging
 28788 | Spider:3 | Received a gift from Nemelex Xobeh
 29085 | Spider:4 | Entered Level 4 of the Spider Nest
 29104 | Spider:3 | Reached skill level 16 in Fighting
 29239 | Spider:3 | Incinerated by a sun moth
 29239 | Spider:3 | Lost a life (1 life remaining)
 29266 | Spider:4 | HP: 3/98 [disintegration (51)]
 30143 | Spider:4 | Blown up by an orb spider
 30143 | Spider:4 | Lost a life (0 lives remaining)
 30162 | Spider:4 | Blown up by an orb spider

Illustrated notes

Levels and vault maps discovered:
D:1:      elethiomel_arrival_shortcut, layout_basic, grunt_decor_one_mirror,
          minmay_misc_feat_columns
D:2:      layout_basic, basic_ecumenical_altar
D:3:      layout_basic, serial_shops, nicolae_shop_rolling_square, uniq_natasha,
          uniq_sigmund
D:4:      layout_layer_cave, gammafunk_temple_overflow_pools, serial_shops,
          nicolae_shop_temple_entry_statues_fountains, uniq_menkaure,
          uniq_eustachio, uniq_ijyb, uniq_pikel
D:5:      layout_loops_cross, serial_glass, glass_columns_c, glass_columns_c,
          grunt_decor_fettered
D:6:      layout_rooms
D:7:      layout_rooms, minmay_temple_entry_arrows,
          amcnicky_mini_rare_corridor_liquid, kennysheep_cross_bottleneck,
          chequers_serial_rivers_room_b, uniq_jeremiah, uniq_maggie,
          uniq_maurice, uniq_duvessa
D:8:      layout_basic, uniq_psyche
D:9:      layout_stronghold, chequers_temple_overflow_minitemple,
          lemuel_round_altar, nrook_mini_backslash, feat_on_display
D:10:     layout_rooms, mainiacjoe_overflow_concentric_impassable,
          lair_entry_dummy, eino_jars, uniq_harold
D:11:     layout_loops_ring, orc_0_dummy
D:12:     minmay_the_grid_3x2 [minmay_the_grid_paths, minmay_the_grid_gridbox,
          minmay_the_grid_tiny_cups, minmay_the_grid_rooms,
          minmay_the_grid_medium_cups, minmay_the_grid_prize_diamond_cup],
          layout_grid_maze
Temple:   cyrus_circular_temple
Lair:1:   layout_cave_pods, gammafunk_ghost_cemetery,
          chequers_serial_rivers_marsh, beast_lair_carwin_8
Lair:2:   layout_regular_city
Lair:3:   layout_cave_pods, elwin_shoals_entry_rocks, spider_nest_entry_a
Lair:4:   beast_lair_carwin_large_2, layout_loops_ring,
          nicolae_quartered_pool_medium, lemuel_fruit_tree, uniq_josephine
Lair:5:   grunt_lair_end_beastmaster, layout_hall_layers, slime_entry_1,
          gammafunk_ghost_cemetery, special_room [special_room_mythical_zoo],
          chequers_serial_rivers_micro_c, dreamdust_wasp_nest
Spider:1: nicolae_spider_brood_tunnel, uniq_nikola
Spider:2: layout_spider_delve, nicolae_spider_checkerboard,
          hangedman_spider_tarantella_strand, uniq_arachne
Spider:3: layout_cave_pods
Spider:4: guppyfry_spider_rune, uniq_roxanne
Orc:1:    layout_caves
Orc:2:    kennysheep_orc_mage_school, layout_diamond_mine

Skill      XL: |  1  2  3  4  5  6  7  8  9 10 11 12 13 14 15 16 |
---------------+-------------------------------------------------+-----
Dodging        | 3 4 5 6 8 9 10 11 12 13 14 15 | 15.3
Shapeshifting  | 3 4 5 6 7 8 9 10 11 12 13 14 | 14.1
Fighting       | 2 3 4 5 6 8 10 11 12 13 14 15 16 | 16.2
Unarmed Combat | 4 5 6 7 8 9 10 11 | 11.8
Invocations    | 4 7 9 10 12 13 | 13.1

Action                     |  1- 3 |  4- 6 |  7- 9 | 10-12 | 13-15 | 16-18 || total
---------------------------+-------+-------+-------+-------+-------+-------++-------
  Melee: Unarmed           |    56 |    93 |   286 |   865 |  1346 |   330 ||  2976
         Bite              |     6 |     8 |    42 |   105 |    80 |    45 ||   286
         Punch             |     2 |     1 |    13 |    52 |    43 |    34 ||   145
         Constrict         |       |       |       |    36 |   141 |       ||   177
         Tailslap          |       |       |       |       |    70 |       ||    70
   Cast: Magic Dart        |       |     5 |    10 |     1 |       |       ||    16
 Invoke: Draw Destruction  |       |       |       |     4 |    17 |     9 ||    30
         Draw Summoning    |       |       |       |       |    12 |       ||    12
         Triple Draw       |       |       |       |       |     1 |       ||     1
         Deal Four         |       |       |       |       |     1 |       ||     1
         Draw Escape       |       |       |       |       |     1 |       ||     1
Ability: Breathe Fire      |       |       |       |       |    12 |       ||    12
  Evoke: Wand              |       |       |     4 |     7 |       |    12 ||    23
    Use: Scroll            |     5 |     4 |    11 |     7 |     4 |       ||    31
         Potion            |     1 |       |     2 |     1 |     1 |     1 ||     6
   Stab: Sleeping          |     2 |     3 |     4 |     3 |     2 |     2 ||    16
         Distracted        |       |       |       |     2 |     4 |     1 ||     7
         Petrified         |       |       |       |       |     2 |       ||     2
 Armour: Skin              |    16 |    23 |    87 |   194 |   583 |   231 ||  1134
  Dodge: Dodged            |    25 |    54 |   209 |   979 |  1968 |  1479 ||  4714
   Form: Serpent           |       |       |       |     1 |     1 |       ||     2
         Blade             |       |       |       |       |     1 |       ||     1
         Statue            |       |       |       |       |     1 |       ||     1
         Dragon            |       |       |       |       |     1 |       ||     1

Table legend: (Time is in decaauts)
 A = Elapsed time spent in this place.
 B = Non-inter-level travel time spent in this place.
 C = Inter-level travel time spent in this place.
 D = Time resting spent in this place.
 E = Time spent auto-exploring this place.
 F = Levels seen in this place.
 G = Mean time per level.
                   A        B        C        D        E       F      G
               +--------+--------+--------+--------+--------+-----+--------+
         Total |  31769 |  29595 |   2174 |   3629 |  20594 |  24 | 1323.7 |
       Dungeon |  13019 |  11835 |   1184 |   1061 |   8542 |  12 | 1084.9 |
        Temple |     22 |      2 |     20 |      0 |      0 |   1 |   22.0 |
          Lair |  10781 |  10130 |    651 |   1180 |   7385 |   5 | 2156.2 |
   Spider Nest |   6300 |   6060 |    240 |   1199 |   3630 |   4 | 1575.0 |
  Orcish Mines |   1644 |   1566 |     78 |    189 |   1037 |   2 |  822.0 |
               +--------+--------+--------+--------+--------+-----+--------+

Top non-repeatable levels by time:
Spider:3: 2818 daAuts
  Lair:5: 2738 daAuts
  Lair:4: 2532 daAuts
  Lair:3: 2362 daAuts
     D:9: 1915 daAuts
  Lair:1: 1730 daAuts
Spider:2: 1721 daAuts
Spider:1: 1616 daAuts
  Lair:2: 1418 daAuts
     D:4: 1338 daAuts
    D:11: 1264 daAuts
     D:3: 1086 daAuts
   Orc:2: 1080 daAuts
     D:5: 1003 daAuts
     D:8: 996 daAuts
